 Dungeon Crawl Stone Soup version 0.29-a0-356-g7bc237e783 (webtiles) character file.

Game seed: 12672825388892213742

212 siradein the Chopper (level 5, 0/45 HPs)
             Began as a Hill Orc Fighter on Apr 27, 2022.
             Was an Initiate of Gozag.
             Slain by Duvessa
             ... wielding a +0 rapier
              (1 damage)
             ... on level 4 of the Dungeon.
             The game lasted 00:08:38 (3924 turns).

siradein the Chopper (Hill Orc Fighter)             Turns: 3924, Time: 00:08:39

Health: 0/45       AC: 11    Str: 21    XL:     5   Next: 90%
Magic:  5/5        EV:  7    Int:  8    God:    Gozag
Gold:   265        SH:  4    Dex: 10    Spells: 4/4 levels left

rFire   . . .      SeeInvis .   a - +0 war axe
rCold   . . .      Faith    .   c - +0 buckler
rNeg    . . .      Spirit   .   g - +0 chain mail
rPois   .          Reflect  .   e - +0 helmet
rElec   .          Harm     .   (no cloak)
rCorr   .          Rampage  .   r - +0 pair of gloves
Will    .....                   (no boots)
Stlth   ..........              (no amulet)
HPRegen 0.15/turn               (no ring)
MPRegen 0.09/turn               (no ring)

@: mighty, invisible
A: no striking features
a: Renounce Religion, Potion Petition, Call Merchant, Bribe Branch


You were on level 4 of the Dungeon.
You worshipped Gozag.
Gozag was aware of your devotion.
You visited 1 branch of the dungeon, and saw 4 of its levels.

You collected 289 gold pieces.
You paid 24 gold pieces to Gozag.

Inventory:

Hand Weapons
 a - a +0 war axe (weapon)
Armour
 c - a +0 buckler (worn)
 e - a +0 helmet (worn)
 g - a +0 chain mail (worn)
 r - a +0 pair of gloves (worn)
Jewellery
 w - a ring of resist corrosion
Wands
 b - a wand of iceblast (8)
 n - a wand of mindburst (8)
 u - a wand of digging (2)
Scrolls
 h - 2 scrolls of teleportation
 j - a scroll of enchant weapon {unknown}
 p - a scroll of identify {unknown}
 q - 3 scrolls of immolation {unknown}
 s - a scroll of brand weapon {unknown}
 t - 2 scrolls of blinking {unknown}
Potions
 d - 2 potions of might
 i - a potion of mutation {unknown}
 k - a potion of magic {unknown}
 l - 3 potions of curing
 m - 2 potions of berserk rage {unknown}
 o - 2 potions of heal wounds {unknown}
 v - a potion of haste {unknown}


   Skills:
 - Level 3.6 Fighting
 + Level 7.8 Axes
 - Level 3.2 Armour
 - Level 3.2 Shields


You had 4 spell levels left.
You didn't know any spells.
Your spell library contained the following spells:

 Spells                   Type           Power      Damage    Failure   Level
 Sandblast                Erth           0%         2d4       99%         1
 Slow                     Hex            0%         N/A       99%         1
 Passwall                 Tmut/Erth      0%         N/A       100%        2
 Confusing Touch          Hex            0%         N/A       100%        3
 Portal Projectile        Hex/Tloc       0%         N/A       100%        3
 Stone Arrow              Conj/Erth      0%         3d7       100%        3
 Vampiric Draining        Necr           0%         2d6       100%        3
 Blade Hands              Tmut           0%         N/A       100%        5
 Excruciating Wounds      Necr           0%         N/A       100%        5
 Malign Gateway           Summ/Tloc      0%         N/A       100%        7
 Summon Horrible Things   Summ           0%         N/A       100%        8


Dungeon Overview and Level Annotations

Branches:
Dungeon (4/15)
 Temple: D:4-7

Altars:
Gozag
Nemelex Xobeh
Vehumet
Wu Jian

Shops:
D:2 (

Annotations:
D:4 Dowan, Duvessa


Message History

Duvessa is moderately wounded.
Duvessa hits you with a +0 rapier. Duvessa hits you but does no damage.
You slash Duvessa!
Duvessa is heavily wounded.
Duvessa hits you with a +0 rapier.
You hit Duvessa but do no damage.
Duvessa is heavily wounded.
Duvessa hits you with a +0 rapier. Duvessa hits you with a +0 rapier!
* * * LOW HITPOINT WARNING * * *
You are too injured to fight recklessly!
You are too injured to fight recklessly!
You are too injured to fight recklessly!
You hit Duvessa.
Duvessa is heavily wounded.
You block Duvessa's attack. Duvessa completely misses you.
You fade into invisibility!
Duvessa hits you but does no damage.
You slash Duvessa!
Duvessa is severely wounded.
Duvessa hits you with a +0 rapier.
* * * LOW HITPOINT WARNING * * *
Duvessa closely misses you.
You hit Duvessa but do no damage.
Duvessa is severely wounded.
Duvessa hits you with a +0 rapier!
* * * LOW HITPOINT WARNING * * *
Duvessa hits you with a +0 rapier.
* * * LOW HITPOINT WARNING * * *
You closely miss Duvessa.
Duvessa is severely wounded.
Duvessa hits you but does no damage.
You hit Duvessa.
Duvessa is almost dead.
Duvessa says, "Where magic fails, the sword succeeds!"
Duvessa barely misses you. Duvessa completely misses you.
You closely miss Duvessa.
Duvessa is almost dead.
Duvessa hits you with a +0 rapier.
You die...
Your body crumbles into a pile of gold.

#...... ...# .....###
#...#..........# #....#
#...#...........#
#..e.####................
###.....#................#
#.......#.#...........#...
#...#e###.#...........#...
####....#.............#...
#....#@................
###..e#..#......#......
#..e..##.#.##..........
#.....##...##........#.
##..#..##...#...........
####..###..##..............
...#.
.......##.###..............
...#.
#.#....##..##.##.#.........
.....##
###..)##.##..###.........


You could see Duvessa (fast, can't see you) and Dowan (can't see you).

Vanquished Creatures
  A scorpion (D:4)
  Jessica (D:2)
  Ijyb (D:3)
  2 adders
  An ufetubus (D:4)
  A dart slug (D:2)
  10 orcs
  6 endoplasms
  3 giant cockroaches
  7 goblins
  3 hobgoblins (D:1)
  2 jackals (D:2)
  8 kobolds
  4 quokkas
  6 ball pythons
  2 bats
  2 frilled lizards
  7 rats
67 creatures vanquished.

Notes
Turn   | Place    | Note
-------+----------+-------------------------------------------
     0 | D:1      | siradein the Hill Orc Fighter began the quest for the Orb.
     0 | D:1      | Reached XP level 1. HP: 19/19 MP: 1/1
    46 | D:1      | Reached skill level 3 in Axes
   222 | D:1      | Reached XP level 2. HP: 26/26 MP: 2/2
   265 | D:1      | You fall into a shaft and drop 1 floor!
   277 | D:2      | Reached skill level 4 in Axes
   989 | D:2      | Reached XP level 3. HP: 31/31 MP: 3/3
   989 | D:2      | Found a radiant altar of Vehumet.
  1132 | D:2      | Found a faded altar of an unknown god.
  1145 | D:2      | Found Cug Giteig's Weapon Shop.
  1234 | D:2      | Reached skill level 5 in Axes
  1496 | D:2      | Noticed Jessica
  1511 | D:2      | Killed Jessica
  1512 | D:2      | Reached XP level 4. HP: 39/39 MP: 4/4
  1747 | D:3      | Reached skill level 6 in Axes
  1812 | D:3      | Found an ornate altar of the Wu Jian Council.
  1846 | D:3      | Found an opulent altar of Gozag.
  1997 | D:3      | Became a worshipper of Gozag Ym Sagoz the Greedy
  2020 | D:3      | Noticed Ijyb
  2036 | D:3      | Killed Ijyb
  2481 | D:3      | Reached XP level 5. HP: 20/45 MP: 5/5
  2739 | D:3      | Found a sparkling altar of Nemelex Xobeh.
  3270 | D:4      | Reached skill level 7 in Axes
  3902 | D:4      | Noticed Dowan
  3902 | D:4      | Noticed Duvessa
  3921 | D:4      | HP: 1/45 [Duvessa/+0 rapier (4)]
  3924 | D:4      | Slain by Duvessa

Illustrated notes

Levels and vault maps discovered:
D:1:      zelgadis_glass_arrival_small, layout_basic
D:2:      layout_basic, basic_altar, serial_shops,
          nicolae_shop_bloodbath_and_beyond, basic_ecumenical_altar,
          uniq_jessica
D:3:      layout_basic, mainiacjoe_overflow_two_lobes,
          lemuel_coloured_pillars_altar, st_stairs_7, uniq_ijyb
D:4:      layout_cave_pools, hangedman_decor_push, uniq_duvessa

Skill      XL: |  1  2  3  4  5 |
---------------+----------------+-----
Axes           | 3 4 5 6 7 |  7.8
Fighting       | |  3.6
Armour         | |  3.2
Shields        | |  3.2

Action                   |  1- 3 |  4- 6 || total
-------------------------+-------+-------++-------
Melee: War axe           |    77 |   114 ||   191
  Use: Potion            |       |     4 ||     4
       Scroll            |       |     1 ||     1
 Stab: Invisible         |       |     1 ||     1
Armor: Scale mail        |    12 |       ||    12
       Chain mail        |    24 |    63 ||    87
Dodge: Dodged            |    32 |    39 ||    71
Block: Buckler           |    19 |    18 ||    37

Table legend: (Time is in decaauts)
 A = Elapsed time spent in this place.
 B = Non-inter-level travel time spent in this place.
 C = Inter-level travel time spent in this place.
 D = Time resting spent in this place.
 E = Time spent auto-exploring this place.
 F = Levels seen in this place.
 G = Mean time per level.
                   A        B        C        D        E       F      G
               +--------+--------+--------+--------+--------+-----+--------+
         Total |   3971 |   3947 |     24 |    105 |   3173 |   4 |  992.8 |
       Dungeon |   3971 |   3947 |     24 |    105 |   3173 |   4 |  992.8 |
               +--------+--------+--------+--------+--------+-----+--------+

Top non-repeatable levels by time:
     D:3: 1359 daAuts
     D:1: 973 daAuts
     D:4: 851 daAuts
     D:2: 787 daAuts
